 Dungeon Crawl Stone Soup version 0.25-a0-420-g1cc7eeb0d1 (webtiles) character file.

Game seed: 14965753772571056788, levelgen mode: deterministic

30410 Borgoz the Basher (level 13, 0/83 HPs)
             Began as a Gargoyle Berserker on Jan 18, 2020.
             Was an Elder of Trog.
             Killed from afar by a frost giant (35 damage)
             ... with a bolt of cold
             ... in an ice cave.
             The game lasted 00:20:04 (12227 turns).

Borgoz the Basher (Gargoyle Berserker)             Turns: 12227, Time: 00:20:05

Health: 0/83       AC: 27    Str: 23    XL:     13   Next: 51%
Magic:  13/13      EV: 24    Int:  8    God:    Trog [****..]
Gold:   904        SH:  0    Dex: 20    Spells: 12/12 levels left

rFire    . . .     SeeInvis .   a - +5 great mace (vorpal)
rCold    . . .     Gourm    .   (shield currently unavailable)
rNeg     + + .     Faith    .   b - +2 scale mail of Impermeability {rN+ Dex+3}
rPois    ∞         Spirit   .   H - +1 hat
rElec    +         Reflect  .   y - +1 cloak {MR+}
rCorr    .         Harm     .   z - +1 pair of gloves
MR       ++++.                  l - +0 pair of boots
Stlth    +.........             (no amulet)
HPRegen  1.23/turn              k - +4 ring of slaying
MPRegen  0.13/turn              E - ring "Plog" {MR+ Slay+5}

@: agile, regenerating
A: negative energy resistance 1, electricity resistance, unbreathing,
petrification resistance, rot immunity, AC +9
a: Berserk, Trog's Hand, Brothers in Arms, Renounce Religion


You were in an ice cave.
You worshipped Trog.
Trog was greatly pleased with you.
You were not hungry.

You visited 1 branch of the dungeon, and saw 12 of its levels.
You also visited: Ice Cave.

You collected 904 gold pieces.

Inventory:

Hand Weapons
 a - a +5 vorpal great mace (weapon)
Armour
 b - the +2 scale mail of Impermeability (worn) {rN+ Dex+3}
   (You found it in an ice cave)

   It affects your dexterity (+3).
   It protects you from negative energy.
 l - a +0 pair of boots (worn)
 y - a +1 cloak of magic resistance (worn)
 z - a +1 pair of gloves (worn)
 H - a +1 hat (worn)
Jewellery
 k - a +4 ring of slaying (left hand)
 B - the ring "Vasochiav" {*Tele Str+4}
   (You found it on level 6 of the Dungeon)

   [ring of teleportation]

   It may teleport you next to monsters.
   It affects your strength (+4).
 C - a +4 ring of protection
 D - an uncursed ring of positive energy
 E - the ring "Plog" (right hand) {MR+ Slay+5}
   (You found it in an ice cave)

   [ring of slaying]

   It affects your accuracy and damage with ranged weapons and melee attacks
   (+5).
   It affects your resistance to hostile enchantments.
Wands
 i - a wand of polymorph (5)
 r - a wand of disintegration (11)
 t - a wand of paralysis (29)
 w - a wand of flame (7)
Scrolls
 j - 4 scrolls of teleportation
 m - a scroll of fog {unknown}
 s - 2 scrolls of fear
 u - 4 scrolls of enchant weapon
 G - 7 scrolls of remove curse
Potions
 d - 2 potions of agility
 e - 10 potions of curing
 g - 4 potions of flight
 h - 4 potions of invisibility
 n - a potion of cancellation
 o - 2 potions of haste
 q - 2 potions of berserk rage
 x - 3 potions of mutation
 F - a potion of ambrosia
Comestibles
 c - 16 rations
 f - 33 chunks of flesh


   Skills:
 + Level 10.6 Fighting
 * Level 13.2 Maces & Flails
 + Level 10.5 Armour
 * Level 11.1 Dodging


You had 12 spell levels left.
You didn't know any spells.
Your spell library was empty.

Dungeon Overview and Level Annotations

Branches:
Dungeon (12/15)            Temple (0/1) D:6            Lair (0/6) D:9
    Orc (0/2) D:9           IceCv (1/1)

Altars:
Ashenzari
Cheibriados
Dithmenos
Gozag
Hepliaklqana
Kikubaaqudgha
Makhleb
Nemelex Xobeh
Qazlal
Ru
Trog
Xom

Shops:
D:6 [   D:8 =   D:9 (


Innate Abilities, Weirdness & Mutations

You are resistant to torment.
Your stone body is resilient. (AC +9)
You are immune to poison.
You resist negative energy. (rN+)
You are resistant to electric shocks. (rElec)
You can survive without breathing.
You are immune to petrification.
You are immune to rotting.


Message History

Trog will no longer gift you weapons. The yak barely misses you.
You feel agile all of a sudden.
Okay, then.
Throwing (i - inventory)
v - a throwing net (quivered)
Press: ? - help, Shift-Dir - straight line, f - frost giant
Aim: a frost giant, wielding a +1 battleaxe of freezing (immune to nets)
You throw a throwing net. The throwing net hits the frost giant.
The frost giant is too large for the net to hold!
The frost giant points at you and mumbles some strange words.
The bolt of cold misses you.
The frost giant gestures at you while chanting.
The bolt of cold hits you!!
* * * LOW HITPOINT WARNING * * *
You feel much better. The frost giant closely misses you.
You flatten the frost giant like a pancake!!!
The frost giant is severely wounded.
The frost giant gestures at you while chanting.
The bolt of cold hits you!!
You die...

#.## ##.#
#..####.##
##..##.##
##.##.##
#..##.#
....#
##.##.##
#....#
##..###.#
.....#
##..###..##
#hY...
#...#.)##@#


hhh. #...#:#.#C###.Y# #..###.≈.YY#.h# #..# ##≈##hh.# #.## ≈#≈≈##.## #.##
≈≈≈≈≈### ##.##≈≈≈≈≈# #.#≈≈≈≈≈≈≈ ##≈≈≈≈≈≈≈≈≈ You could see a frost giant, a death
yak, 2 polar bears and a yak.

Vanquished Creatures
  Gastronok (D:11)
  Josephine (D:11)
  The ghost of bmj180 the Destroyer, a journeyman DrCj of Vehumet (D:7)
  Erolcha (D:11)
  Erica (D:9)
  A queen ant (D:9)
  3 two-headed ogres
  A death yak (IceCv)
  Urug (D:12)
  Nergalle (D:12)
  The ghost of Ge0ff the Ruffian, a novice FoTm of Ru (D:7)
  An unseen horror (D:12)
  The ghost of Borgoz the Basher, a novice GrBe of Trog (D:8)
  2 ugly things (D:12)
  An ice statue (IceCv)
  Psyche (D:8)
  Joseph (D:8)
  The ghost of Borgoz the Cudgeler, a novice GrGl (D:5)
  3 trolls
  11 polar bears (IceCv)
  A hippogriff (D:8)
  6 wraiths
  Sigmund (D:5)
  A shadow (D:8)
  3 spriggans
  4 wyverns
  28 yaks
  A hungry ghost (D:7)
  Grum (D:8)
  2 wargs (D:9)
  An acid dragon (D:11)
  A water moccasin (D:10)
  7 soldier ants (D:9)
  An ice beast (D:10)
  3 sky beasts
  3 orc warriors
  2 eyes of draining
  A necrophage (D:12)
  A phantom (D:11)
  5 ogres
  18 wolves
  A crocodile (D:8)
  3 centaurs
  5 bullfrogs
  2 wyvern zombies
  2 scorpions (D:6)
  10 killer bees
  6 wights
  A crimson imp (D:8)
  4 howler monkeys
  5 centaur zombies
  3 bullfrog zombies
  2 quasits
  4 jellies
  A centaur skeleton (D:7)
  2 orc wizards (D:10)
  8 orc priests
  Crazy Yiuf (D:6)
  8 hounds
  3 iguanas
  4 bullfrog skeletons
  27 worker ants
  A killer bee zombie (D:8)
  A hound skeleton (D:5)
  2 worker ant zombies
  17 gnolls
  A howler monkey skeleton (D:4)
  14 adders
  A river rat (D:5)
  An adder zombie (D:8)
  3 adder skeletons
  6 worms
  3 dart slugs
  8 leopard geckos
  38 orcs
  4 ball pythons
  8 bats
  3 giant cockroaches
  10 goblins
  11 hobgoblins
  8 jackals
  3 quokkas
  4 frilled lizards
  6 kobolds
  A leopard gecko zombie (D:5)
  10 rats
392 creatures vanquished.

Vanquished Creatures (others)
  A polar bear (IceCv)
  A yak (IceCv)
  A fungus (D:8)
  2 plants (D:8)
5 creatures vanquished.

Grand Total: 397 creatures vanquished

Notes
Turn   | Place    | Note
-------+----------+-------------------------------------------
     0 | D:1      | Borgoz the Gargoyle Berserker began the quest for the Orb.
     0 | D:1      | Reached XP level 1. HP: 14/14 MP: 1/1
   152 | D:1      | Reached XP level 2. HP: 9/19 MP: 2/2
  1366 | D:1      | Reached XP level 3. HP: 23/23 MP: 3/3
  1937 | D:2      | Reached ** piety under Trog
  1937 | D:2      | Reached XP level 4. HP: 22/29 MP: 4/4
  2652 | D:3      | Reached skill level 4 in Maces & Flails
  2654 | D:3      | Reached XP level 5. HP: 33/33 MP: 5/5
  2767 | D:3      | Found a snail-covered altar of Cheibriados.
  2931 | D:3      | Reached XP level 6. HP: 38/38 MP: 6/6
  3266 | D:4      | Reached *** piety under Trog
  4000 | D:4      | Reached skill level 5 in Maces & Flails
  4006 | D:4      | Reached XP level 7. HP: 44/44 MP: 7/7
  4142 | D:5      | Entered Level 5 of the Dungeon
  4351 | D:5      | Noticed Sigmund
  4361 | D:5      | Killed Sigmund
  4434 | D:5      | Found a runed translucent door.
  4438 | D:5      | Noticed Borgoz's ghost (novice GrGl)
  4527 | D:5      | Killed Borgoz's ghost
  4527 | D:5      | Reached skill level 5 in Fighting
  4527 | D:5      | Reached skill level 6 in Maces & Flails
  4527 | D:5      | Reached XP level 8. HP: 49/49 MP: 8/8
  4546 | D:5      | Found a runed translucent door.
  4667 | D:5      | Found a burning altar of Makhleb.
  5004 | D:5      | Reached skill level 5 in Dodging
  5042 | D:6      | Reached skill level 5 in Armour
  5049 | D:6      | Reached **** piety under Trog
  5277 | D:6      | Found a sparkling altar of Nemelex Xobeh.
  5313 | D:6      | Reached skill level 7 in Maces & Flails
  5327 | D:6      | Found Pechuth's Armour Shop.
  5363 | D:6      | Reached XP level 9. HP: 55/55 MP: 9/9
  5453 | D:6      | Found a runed translucent door.
  5454 | D:6      | Noticed Crazy Yiuf
  5480 | D:6      | Got a translucent brass ring
  5709 | D:6      | Identified the ring "Vasochiav" {*Tele Str+4} (You found it
                  | on level 6 of the Dungeon)
  5777 | D:6      | Found a staircase to the Ecumenical Temple.
  5841 | D:6      | Killed Crazy Yiuf
  5927 | D:7      | Found a stormy altar of Qazlal.
  6379 | D:7      | Found a runed translucent gate.
  6379 | D:7      | Found a runed translucent gate.
  6379 | D:7      | Found a runed translucent gate.
  6380 | D:7      | Noticed bmj180's ghost (journeyman DrCj)
  6381 | D:7      | Noticed Ge0ff's ghost (novice FoTm)
  6576 | D:7      | Reached skill level 8 in Maces & Flails
  6919 | D:8      | Noticed Joseph
  6928 | D:8      | Paralysed by Joseph for 2 turns
  6938 | D:8      | Killed Joseph
  7081 | D:8      | Reached XP level 10. HP: 61/61 MP: 10/10
  7089 | D:8      | Noticed Psyche
  7101 | D:8      | Killed Psyche
  7383 | D:8      | Reached skill level 9 in Maces & Flails
  7390 | D:8      | Noticed Grum
  7399 | D:8      | Killed Grum
  7435 | D:8      | Found Pazollyloi's Jewellery Boutique.
  7461 | D:8      | Reached ***** piety under Trog
  7461 | D:8      | Received a gift from Trog
  7520 | D:8      | Found a runed translucent door.
  7537 | D:8      | Identified the +2 spear of the Final Decision {flame, MR-
                  | Int+3}
  7538 | D:8      | Noticed Borgoz's ghost (novice GrBe)
  7753 | D:7      | Killed bmj180's ghost
  7755 | D:7      | Killed Ge0ff's ghost
  7842 | D:8      | Killed Borgoz's ghost
  7856 | D:8      | Reached skill level 10 in Maces & Flails
  7856 | D:8      | Reached XP level 11. HP: 58/68 MP: 11/11
  7916 | D:9      | Found a staircase to the Orcish Mines.
  8112 | D:9      | Found a shattered altar of Ashenzari.
  8115 | D:9      | Found a bloodstained altar of Trog.
  8122 | D:9      | Noticed a queen ant
  8128 | D:9      | Killed a queen ant
  8230 | D:9      | Found a sacrificial altar of Ru.
  8274 | D:9      | Found a staircase to the Lair.
  8282 | D:9      | Received a gift from Trog
  8367 | D:9      | Found Bamarerch's Antique Weapon Emporium.
  8438 | D:9      | Noticed a two-headed ogre
  8443 | D:9      | Killed a two-headed ogre
  8444 | D:9      | Noticed a two-headed ogre
  8453 | D:9      | Killed a two-headed ogre
  8453 | D:9      | Reached skill level 11 in Maces & Flails
  8588 | D:9      | Noticed Erica
  8596 | D:9      | Killed Erica
  8729 | D:9      | Found an ancient bone altar of Kikubaaqudgha.
  8729 | D:9      | Found a stormy altar of Qazlal.
  8918 | D:10     | Entered Level 10 of the Dungeon
  9039 | D:10     | Reached XP level 12. HP: 76/76 MP: 12/12
 10080 | D:11     | Noticed Josephine
 10086 | D:11     | Killed Josephine
 10291 | D:11     | Received a gift from Trog
 10508 | D:11     | Noticed Gastronok
 10518 | D:11     | Killed Gastronok
 10518 | D:11     | Reached skill level 12 in Maces & Flails
 10518 | D:11     | Reached skill level 10 in Dodging
 10537 | D:11     | Noticed Erolcha
 10547 | D:11     | Killed Erolcha
 10795 | D:11     | Got a transparent long sword
 10796 | D:11     | Identified the +4 long sword "Fotsiodgha" {elec, +Fly rN+}
                  | (You found it on level 11 of the Dungeon)
 10805 | D:11     | Found a burning altar of Makhleb.
 10807 | D:11     | Found a blossoming altar of Fedhas.
 10807 | D:11     | Found a hazy altar of Hepliaklqana.
 10809 | D:11     | Found a shadowy altar of Dithmenos.
 10809 | D:11     | Found an opulent altar of Gozag.
 10809 | D:11     | Found a shimmering altar of Xom.
 11212 | D:12     | Reached skill level 10 in Fighting
 11220 | D:12     | Noticed Urug
 11220 | D:12     | Noticed Nergalle
 11232 | D:12     | Killed Urug
 11243 | D:12     | Killed Nergalle
 11282 | D:12     | Reached XP level 13. HP: 76/82 MP: 13/13
 11314 | D:12     | Reached skill level 10 in Armour
 11321 | D:12     | Found a frozen archway.
 11358 | IceCv    | Entered an ice cave
 11750 | IceCv    | Got a brightly glowing wooden ring
 11752 | IceCv    | Identified the ring "Plog" {MR+ Slay+5} (You found it in an
                  | ice cave)
 11797 | IceCv    | Got a jewelled scale mail
 11808 | IceCv    | Identified the +2 scale mail of Impermeability {rN+ Dex+3}
                  | (You found it in an ice cave)
 11895 | IceCv    | Reached skill level 13 in Maces & Flails
 12078 | IceCv    | Received a gift from Trog
 12212 | IceCv    | Noticed a frost giant
 12227 | IceCv    | Killed from afar by a frost giant

Levels and vault maps discovered:
D:1:      co_arrival_random_square_maze, layout_loops_corners,
          serial_bayou_pond_a, minmay_misc_feat_encased,
          chequers_serial_rivers_micro_d, chequers_serial_rivers_room_b
D:2:      layout_loops_ring, first_ration
D:3:      layout_loops_cross, lemuel_doored_altar
D:4:      layout_gridville
D:5:      layout_loops_ring, makhleb_blood_cavern_becter, ebering_ghost_sewer_f,
          serial_undead, serial_undead_b, serial_undead_b, serial_undead_d,
          serial_undead_a, uniq_sigmund
D:6:      layout_rooms, old_standard_altar, lemuel_temple_firewalk_a,
          serial_shops, shop, uniq_crazy_yiuf_cottage
D:7:      layout_loops_corners, gammafunk_ghost_cemetery, basic_altar
D:8:      layout_loops_ring, nicolae_overflow_hidden_temple, serial_shops, shop,
          ebering_ghost_funeral_grove, uniq_grum, uniq_psyche, uniq_joseph
D:9:      layout_irregular_city, grunt_temple_overflow_open,
          erik_lair_orcish_takeover, serial_shops, shop, minmay_another_anthill,
          uniq_erica
D:10:     layout_stronghold, serial_glass, glass_columns_a, glass_columns_c,
          grunt_pizzeria
D:11:     layout_roguey, doesnt_xom_only_xom, uniq_josephine, uniq_gastronok,
          uniq_erolcha
D:12:     layout_basic, portal_ice_cave_entry_pillars_1, tso_altar, uniq_urug,
          uniq_fannar, uniq_nergalle
IceCv:    ice_cave_caverns_02

Skill      XL: |  1  2  3  4  5  6  7  8  9 10 11 12 13 |
---------------+----------------------------------------+-----
Dodging        | 2 3 4 5 6 8 9 10 11 | 11.1
Armour         | 3 4 5 6 7 8 9 10 | 10.5
Maces & Flails | 4 5 6 7 8 10 11 12 13 | 13.2
Fighting       | 4 5 6 8 9 10 | 10.6

Action                   |  1- 3 |  4- 6 |  7- 9 | 10-12 | 13-15 || total
-------------------------+-------+-------+-------+-------+-------++-------
Melee: Mace              |   167 |    11 |       |       |       ||   178
       Flail             |       |   121 |   328 |    48 |       ||   497
       Great mace        |       |       |       |   436 |   161 ||   597
Throw: Throwing net      |       |       |       |       |     1 ||     1
Invok: Berserk           |     1 |     3 |     5 |     4 |     1 ||    14
       Trog's Hand       |       |       |       |     2 |     3 ||     5
  Use: Scroll            |       |       |    12 |     6 |       ||    18
       Potion            |       |       |       |     1 |     2 ||     3
 Stab: Sleeping          |     1 |       |       |       |       ||     1
  Eat: Chunk             |     3 |    10 |    15 |    15 |     3 ||    46
       Ration            |       |       |     1 |     1 |     1 ||     3
Armor: Animal skin       |    63 |       |       |       |       ||    63
       Chain mail        |    13 |    88 |   229 |   392 |    58 ||   780
       Scale mail        |       |       |       |       |    75 ||    75
Dodge: Dodged            |   130 |    49 |   164 |   345 |   170 ||   858

Table legend:
 A = Non-vault XP
 B = Vault XP
 C = Vault XP percentage of total XP
 D = Non-vault monster count
 E = Vault monster count
 F = Vault count percentage of total count
                 A         B        C        D         E       F
            +---------+---------+-------+---------+---------+-------
      Total |   18250 |   25194 |  58.0 |     280 |     113 |  28.8
            +---------+---------+-------+---------+---------+-------
        D:1 |      39 |       0 |   0.0 |      23 |       0 |   0.0
        D:2 |      82 |       0 |   0.0 |      27 |       0 |   0.0
        D:3 |     221 |       0 |   0.0 |      27 |       0 |   0.0
        D:4 |     276 |       0 |   0.0 |      16 |       0 |   0.0
        D:5 |     307 |     920 |  75.0 |      19 |      14 |  42.4
        D:6 |     832 |      40 |   4.6 |      18 |       1 |   5.3
        D:7 |     932 |    1795 |  65.8 |      22 |       2 |   8.3
        D:8 |    1268 |    2542 |  66.7 |      24 |       9 |  27.3
        D:9 |    4466 |    4074 |  47.7 |      31 |      35 |  53.0
       D:10 |    1607 |     196 |  10.9 |      28 |       1 |   3.4
       D:11 |    3971 |    4977 |  55.6 |      30 |       6 |  16.7
       D:12 |    4249 |    1675 |  28.3 |      15 |       2 |  11.8
      IceCv |       0 |    8975 | 100.0 |       0 |      43 | 100.0
            +---------+---------+-------+---------+---------+-------
